 Dungeon Crawl Stone Soup version 0.27.0-1-g7a089689b8 (webtiles) character file.

Game seed: 11878553415348946779

60 Sobieck the Poker (level 4, -2/33 HPs)
             Began as a Merfolk Gladiator on Aug 5, 2021.
             Slain by a gnoll (5 damage)
             ... on level 2 of the Dungeon.
             The game lasted 00:04:23 (1331 turns).

Sobieck the Poker (Merfolk Gladiator)               Turns: 1331, Time: 00:04:23

Health: -2/33      AC:  4    Str: 15    XL:     4   Next: 6%
Magic:  0/4        EV: 13    Int:  7    God:
Gold:   74         SH:  0    Dex: 15    Spells: 3/3 levels left

rFire    . . .     SeeInvis .   a - +0 trident {polearm}
rCold    . . .     Faith    .   (no shield)
rNeg     . . .     Spirit   +   e - +0 leather armour
rPois    .         Reflect  .   c - +0 helmet
rElec    .         Harm     .   (no cloak)
rCorr    .         Rampage  .   (no gloves)
Will     .....                  (no boots)
Stlth    +.........             s - amulet of guardian spirit
HPRegen  0.11/turn              g - ring of flight
MPRegen  0.09/turn              (no ring)

@: flying
A: (nimble swimmer 2), mertail
a: no special abilities


You were on level 2 of the Dungeon.
You visited 1 branch of the dungeon, and saw 2 of its levels.

You collected 74 gold pieces.


Innate Abilities, Weirdness & Mutations

((You are quick and stealthy near water. (Stealth+, EV+, Speed+++)))
Your lower body shifts to a powerful aquatic tail in water.


   Skills:
 - Level 2.1 Fighting
 + Level 7.0 Polearms
 - Level 2.0 Throwing
 - Level 4.0 Dodging


You had 3 spell levels left.
You didn't know any spells.
Your spell library was empty.

Inventory:

Hand Weapons
 a - a +0 trident (weapon) {polearm}
 b - a +0 hunting sling {sling}
   (You found it on level 1 of the Dungeon)
Missiles
 d - 3 throwing nets (quivered) {=f!fthrowing}
 f - 14 stones {throwing}
 o - 27 bolts
 p - 32 sling bullets
Armour
 c - a +0 helmet (worn)
 e - a +0 leather armour (worn)
 j - a +0 kite shield
   (You found it on level 1 of the Dungeon)
 r - a +0 ring mail
   (You found it on level 2 of the Dungeon)
 t - a +1 helmet
   (You found it on level 2 of the Dungeon)
Jewellery
 g - a ring of flight (left hand)
   (You found it on level 1 of the Dungeon)
 s - an amulet of guardian spirit (around neck)
   (You found it on level 2 of the Dungeon)
Scrolls
 h - a scroll of enchant weapon {unknown}
 i - a scroll of acquirement {unknown}
 l - 2 scrolls of identify {unknown}
 n - a scroll of fog {unknown}
 q - a scroll of teleportation {unknown}
Potions
 k - a potion of haste {unknown}
 m - a potion of brilliance {unknown}

Dungeon Overview and Level Annotations

Branches:
Dungeon (2/15)

Altars:

#...<.....### .g....†.....#
#g#######.#.# ######## #. #.#.#
.......####.#######.#.##
........##....gg..#....##
.........##....##.......#
..........####.####.†...########
...........##..g@ggg#..........#
............##.########.######.#
............##.# #.#
.#..#.......##.# #.##
..≈≈........##.# #..##
..≈≈........##.########...##
.#..#.......##.........#.#.#
............# #..........#
.)..........# #.###..#.#.#


You could see 4 gnolls.


Message History

You kill the jackal!
You hear a bark! x2
No target in view!
Search for what [? for help]? armour A jackal comes into view.
Danger!
You see here a +0 club {mace}.
You puncture the jackal!
You kill the jackal!
No target in view!
That's the wrong kind of item! (Use * to select it.) Fire/throw which item? (* to show all) (? for menu, Esc to quit)
Okay, then.
Search for what [Enter for "armour", or ? for help]? armour
There is a large open door here.
You see here a +0 ring mail.
r - a +0 ring mail
There is a large open door here.
An endoplasm comes into view.
Danger!
The endoplasm quivers.
You reach to attack!
You puncture the endoplasm!
You kill the endoplasm!
No target in view!
You see here a jackal corpse.
A jackal comes into view.
Danger!
A hobgoblin comes into view.
You reach to attack!
You hit the jackal.
The jackal bites you but does no damage.
You hit the jackal but do no damage. The jackal barely misses you.
You hit the jackal.
The jackal bites you but does no damage.
You hit the jackal.
You kill the jackal!
You have reached level 4!
You reach to attack!
You hit the hobgoblin. You closely miss the hobgoblin.
The hobgoblin hits you but does no damage.
You hit the hobgoblin.
You kill the hobgoblin!
Your Polearms skill increases to level 7!
No target in view!
s - an amulet of guardian spirit You start putting on your amulet.
You continue putting on your amulet of guardian spirit. x5
You finish putting on your amulet of guardian spirit.
You feel your power drawn to a protective spirit.
s - an amulet of guardian spirit (around neck)
A ball python comes into view.
Danger!
A hobgoblin comes into view.
The hobgoblin shouts!
You hear a shout! x2
Found a stone staircase leading up.
You see here a +1 helmet.
You hit the ball python.
You kill the ball python!
You puncture the hobgoblin!
You kill the hobgoblin!
No target in view!
t - a +1 helmet A gnoll comes into view.
It is wielding a +2 flail of protection.
Danger!
The gnoll shouts!
You hit the gnoll but do no damage.
You hear a shout! x2
The gnoll barely misses you.
A gnoll comes into view. It is wielding a +0 spear.
The gnoll shouts!
You hit the gnoll but do no damage. The gnoll barely misses you.
You hit the gnoll. The gnoll closely misses you.
A gnoll comes into view. It is wielding a +0 club.
Unknown command.
You hit the gnoll but do no damage.
A gnoll comes into view. It is wielding a +0 flail.
The gnoll hits you with a +2 flail of protection!
The gnoll barely misses you.
You are too injured to fight recklessly!
Unknown command.
You hit the gnoll but do no damage. The gnoll barely misses you.
The gnoll hits you with a +0 flail.
You hit the gnoll but do no damage. The gnoll barely misses you.
The gnoll hits you but does no damage.
You barely miss the gnoll.
The gnoll hits you with a +2 flail of protection.
The gnoll barely misses you.
Unknown command.
You hit the gnoll. The gnoll hits you with a +0 flail.
* * * LOW HITPOINT WARNING * * *
You barely miss the gnoll. The gnoll hits you with a +0 flail!
* * * LOW HITPOINT WARNING * * *
You closely miss the gnoll. The gnoll hits you with a +0 club.
* * * LOW HITPOINT WARNING * * *
The gnoll barely misses you.
Unknown command.
You hit the gnoll. The gnoll hits you but does no damage.
The gnoll closely misses you.
You hit the gnoll. The gnoll closely misses you.
You closely miss the gnoll. The gnoll hits you with a +0 flail.
You die...

Skill      XL: |  1  2  3  4 |
---------------+-------------+-----
Polearms       | 5 6 7 |  7.0
Fighting       | |  2.1
Throwing       | |  2.0
Dodging        | |  4.0

Action                   |  1- 3 |  4- 6 || total
-------------------------+-------+-------++-------
Melee: Trident           |    93 |    18 ||   111
 Fire: Hunting sling     |    28 |       ||    28
 Stab: Sleeping          |     3 |       ||     3
Armor: Leather armour    |    15 |     3 ||    18
Dodge: Dodged            |    59 |    10 ||    69

Levels and vault maps discovered:
D:1:      dpeg_arrival_pits, layout_basic, nrook_mini_backslash
D:2:      kennysheep_big_flooded_room, layout_loops_ring,
          shapermc_ecumenical_altar_venn, uniq_jessica

Notes
Turn   | Place    | Note
-------+----------+-------------------------------------------
     0 | D:1      | Sobieck the Merfolk Gladiator began the quest for the Orb.
     0 | D:1      | Reached XP level 1. HP: 16/16 MP: 1/1
   204 | D:1      | Reached skill level 5 in Polearms
   274 | D:1      | Reached XP level 2. HP: 21/22 MP: 2/2
   814 | D:1      | Reached skill level 6 in Polearms
   814 | D:1      | Reached XP level 3. HP: 26/27 MP: 3/3
  1277 | D:2      | Reached XP level 4. HP: 33/33 MP: 4/4
  1280 | D:2      | Reached skill level 7 in Polearms
  1327 | D:2      | HP: 6/33 [gnoll (9)]
  1331 | D:2      | Slain by a gnoll

Vanquished Creatures
  An adder (D:2)
  A worm (D:2)
  3 endoplasms
  A giant cockroach (D:2)
  3 hobgoblins
  13 jackals
  2 quokkas (D:1)
  7 ball pythons
  A frilled lizard (D:1)
  4 goblins
  5 kobolds (D:1)
  2 rats
43 creatures vanquished.

Table legend:
 A = Non-vault XP
 B = Vault XP
 C = Vault XP percentage of total XP
 D = Non-vault monster count
 E = Vault monster count
 F = Vault count percentage of total count
                 A         B        C        D         E       F
            +---------+---------+-------+---------+---------+-------
      Total |      83 |       4 |   4.6 |      41 |       2 |   4.7
            +---------+---------+-------+---------+---------+-------
        D:1 |      44 |       0 |   0.0 |      27 |       0 |   0.0
        D:2 |      39 |       4 |   9.3 |      14 |       2 |  12.5
            +---------+---------+-------+---------+---------+-------

Illustrated notes

Table legend:
 A = Kills in this place as a percentage of kills in entire the game.
 B = Kills by you in this place as a percentage of kills by you in the entire game.
 C = Kills by friends in this place as a percentage of kills by friends in the entire game.
 D = Other kills in this place as a percentage of other kills in the entire game.
 E = Experience gained in this place as a percentage of experience gained in the entire game.
 F = Experience gained in this place divided by the number of levels of this place that you have seen.
                   A       B       C       D       E      F
               +-------+-------+-------+-------+-------+----------------------
         Total | 100.0 | 100.0 |   N/A |   N/A | 100.0 |  43.5
       Dungeon | 100.0 | 100.0 |   N/A |   N/A | 100.0 |  43.5
               +-------+-------+-------+-------+-------+----------------------

Table legend: (Time is in decaauts)
 A = Elapsed time spent in this place.
 B = Non-inter-level travel time spent in this place.
 C = Inter-level travel time spent in this place.
 D = Time resting spent in this place.
 E = Time spent auto-exploring this place.
 F = Levels seen in this place.
 G = Mean time per level.
                   A        B        C        D        E       F      G
               +--------+--------+--------+--------+--------+-----+--------+
         Total |   1315 |   1246 |     69 |      0 |    861 |   2 |  657.5 |
       Dungeon |   1315 |   1246 |     69 |      0 |    861 |   2 |  657.5 |
               +--------+--------+--------+--------+--------+-----+--------+

Top non-repeatable levels by time:
     D:1: 943 daAuts
     D:2: 371 daAuts
